 Dungeon Crawl Stone Soup version 0.31-a0-319-g4fced400ed (webtiles) character file.

Game seed: 6001903777765900833

123 Hubjo the Trooper (level 4, -1/35 HPs)
             Began as a Demonspawn Shapeshifter on July 17, 2023.
             Killed by nerve-wracking pain
             ... invoked by Grinder
              (2 damage)
             ... on level 3 of the Dungeon.
             The game lasted 00:08:10 (3247 turns).

Hubjo the Trooper (Demonspawn Shapeshifter)         Turns: 3247, Time: 00:08:11

Health: -1/35      AC:  4    Str: 15    XL:     4   Next: 80%
Magic:  5/6        EV: 12    Int: 12    God:
Gold:   161        SH:  0    Dex: 13    Spells: 5/6 levels left

rFire   . .          .
                       - Unarmed
rCold   . . .        (no shield)
rNeg    + . .        a - +0 animal skin
rPois   .            (helmet currently unavailable)
rElec   .            (cloak currently unavailable)
rCorr   .            j - melded +0 pair of gloves
SInv    .            (boots currently unavailable)
Will    .....        (no amulet)
Stlth   +            i - ring of positive energy
HPRegen 0.25/turn    (no ring)
MPRegen 0.10/turn

%: no passive effects
@: brilliant, beast-form
A: beast (slay +1), antennae 1, molten scales 1, powered by death 1
a: Begin Untransformation


You were on level 3 of the Dungeon.
You were a hulking beast.
You visited 1 branch of the dungeon, and saw 5 of its levels.

You collected 161 gold pieces.

Inventory:

Armour
 a - a +0 animal skin (worn)
 h - a +2 helmet
 j - a +0 pair of gloves (melded)
Jewellery
 d - an amulet of faith
 i - a ring of positive energy (left hand)
Talismans
 c - a beast talisman
Scrolls
 e - 2 scrolls of identify
 k - a scroll of fear {unknown}
 l - a scroll of revelation {unknown}
Potions
 b - a potion of lignification
 f - 2 potions of attraction


   Skills:
 + Level 3.0 Fighting
 - Level 1.7 Dodging
 + Level 2.6 Unarmed Combat
 + Level 1.6 Spellcasting
 * Level 1.4 Conjurations
 * Level 1.3 Fire Magic
 - Level 2.6 Shapeshifting


You had 5 spell levels left.
You knew the following spells:

 Your Spells              Type           Power      Damage    Failure   Level
a - Foxfire               Conj/Fire      24%        2x1d5     16%         1

Your spell library contained the following spells:

 Spells                   Type           Power      Damage    Failure   Level
 Shock                    Conj/Air       16%        1d4       22%         1
 Lesser Beckoning         Tloc           2%         N/A       38%         2
 Gell's Gravitas          Tloc           1%         N/A       63%         3
 Swiftness                Air            1%         N/A       63%         3
 Teleport Other           Tloc           1%         N/A       63%         3
 Airstrike                Air            0%         2d(1-17)  95%         4
 Plasma Beam              Fire/Air       1%         2x1d11    100%        6
 Starburst                Conj/Fire      3%         6d3       100%        6


Dungeon Overview and Level Annotations

Branches:
Dungeon (5/15)
 Temple: D:4-7

Altars:
Gozag
Wu Jian

Annotations:
D:3 Grinder


Innate Abilities, Weirdness & Mutations

You are a hulking beast.
Your limbs bulge with bestial killing power. (Slay +1)
You have a pair of small antennae on your head.
You are partially covered in molten scales. (AC +2)
You regenerate a little health from kills.


Message History

Grinder is almost dead.
Grinder gestures at you.
You suddenly lose the ability to move!
Grinder gestures at you.
You shrug off the repeated paralysis!
You can move again.
You hit Grinder but do no damage.
Grinder is almost dead.
You hit Grinder but do no damage.
Grinder is almost dead.
Grinder misses you.
You hit Grinder.
Grinder is almost dead.
Grinder gestures at you.
You suddenly lose the ability to move!
Grinder hits you.
You writhe in agony.
* * * LOW HITPOINT WARNING * * *
You can move again.
You barely miss Grinder.
Grinder is almost dead.
Grinder hits you.
* * * LOW HITPOINT WARNING * * *
You completely miss Grinder.
Grinder is almost dead.
Grinder says, "You look like you could use a good racking."
Grinder blinks!
Grinder is attracted toward you.
You feel less attractive to monsters.
You closely miss Grinder.
Grinder is almost dead.
Grinder hits you.
* * * LOW HITPOINT WARNING * * *
You closely miss Grinder.
Grinder is almost dead.
Grinder blinks!
Casting: Foxfire (safe; 16% risk of failure)
Confirm with . or Enter, or press ? or * to list all spells.
You feel a surge of power!
You conjure some foxfire!
Grinder gestures at you. Pain shoots through your body!
You die...

......# #.# #..##.##
...##.## #.# #.###.#
...##..# #.# ##.# #.#
....[#.###.###..###.#
#.##..............#.#
#.####............#.#
.............÷....#.#
#.#####........v..#.##
#.# ##......§vh....#
#.. ###......##.#.###
#.. #..#5#.##.#...#
#....#.##..##.#
#...###.###..#.# ...#.
..# ##...# ## # .##
##### #. ..


You could see Grinder (ally target).

Vanquished Creatures
  A hound (D:4)
  An adder (D:2)
  An ufetubus (D:4)
  A dart slug (D:2)
  8 orcs
  3 endoplasms
  2 giant cockroaches (D:1)
  7 goblins
  5 hobgoblins
  7 jackals
  2 quokkas
  7 ball pythons
  7 bats
  4 frilled lizards
  6 kobolds
  4 rats (D:1)
66 creatures vanquished.

Notes
Turn   | Place    | Note
-------+----------+-------------------------------------------
     0 | D:1      | Hubjo the Demonspawn Shapeshifter began the quest for the
                  | Orb.
     0 | D:1      | Reached XP level 1. HP: 16/16 MP: 1/1
   214 | D:1      | Gained mutation: You have a pair of small antennae on your
                  | head. [demonic ancestry]
   214 | D:1      | Reached XP level 2. HP: 22/22 MP: 2/2
   219 | D:1      | Learned a level 1 spell: Foxfire
   460 | D:1      | Reached skill level 1 in Spellcasting
   878 | D:1      | Gained mutation: You regenerate a little health from kills.
                  | [demonic ancestry]
   878 | D:1      | Reached XP level 3. HP: 28/28 MP: 4/4
  1186 | D:2      | HP: 1/28 [poisoned by an adder]
  1895 | D:2      | Found an ornate altar of the Wu Jian Council.
  2142 | D:3      | Gained mutation: You are partially covered in molten
                  | scales. (AC +2) [demonic ancestry]
  2142 | D:3      | Reached XP level 4. HP: 30/34 MP: 6/6
  2209 | D:3      | You fall into a shaft and drop 2 floors!
  2209 | D:5      | Entered Level 5 of the Dungeon
  2589 | D:5      | Noticed a phantom
  2597 | D:4      | Reached skill level 1 in Conjurations
  2599 | D:4      | Reached skill level 1 in Fire Magic
  2999 | D:3      | Found an opulent altar of Gozag.
  3020 | D:3      | Reached skill level 3 in Fighting
  3195 | D:3      | Noticed Grinder
  3206 | D:3      | Paralysed by Grinder for 2 turns
  3236 | D:3      | Paralysed by Grinder for 2 turns
  3240 | D:3      | Paralysed by Grinder for 2 turns
  3244 | D:3      | HP: 1/35 [Grinder (5)]
  3247 | D:3      | Killed from afar by Grinder

Illustrated notes

Levels and vault maps discovered:
D:1:      dpeg_arrival_stonehenge_8_columns, layout_loops_corners
D:2:      layout_basic, basic_altar, wad_floor_pattern_1
D:3:      layout_rooms, lemuel_blue_sif_altar, grunt_gozag_breadcrumbs,
          serial_shops, shop, uniq_pargi, uniq_grinder
D:4:      layout_rooms, tgw_trog, uniq_eustachio
D:5:      layout_rooms

Skill      XL: |  1  2  3  4 |
---------------+-------------+-----
Unarmed Combat | 2 |  2.6
Spellcasting   | 1 |  1.6
Conjurations   | 1 |  1.4
Fire Magic     | 1 |  1.3
Fighting       | 3 |  3.0
Dodging        | |  1.7
Shapeshifting  | |  2.6

Action                     |  1- 3 |  4- 6 || total
---------------------------+-------+-------++-------
  Melee: Unarmed           |   169 |   105 ||   274
         Punch             |     5 |     2 ||     7
   Cast: Foxfire           |       |     1 ||     1
    Use: Potion            |     2 |     8 ||    10
         Scroll            |       |     1 ||     1
 Armour: Animal skin       |    22 |    28 ||    50
  Dodge: Dodged            |   115 |    93 ||   208
         Form:             |     3 |       ||     3
         Beast             |     3 |       ||     3

Table legend: (Time is in decaauts)
 A = Elapsed time spent in this place.
 B = Non-inter-level travel time spent in this place.
 C = Inter-level travel time spent in this place.
 D = Time resting spent in this place.
 E = Time spent auto-exploring this place.
 F = Levels seen in this place.
 G = Mean time per level.
                   A        B        C        D        E       F      G
               +--------+--------+--------+--------+--------+-----+--------+
         Total |   3257 |   3208 |     49 |    852 |   1656 |   5 |  651.4 |
       Dungeon |   3257 |   3208 |     49 |    852 |   1656 |   5 |  651.4 |
               +--------+--------+--------+--------+--------+-----+--------+

Top non-repeatable levels by time:
     D:1: 1108 daAuts
     D:2: 1023 daAuts
     D:3: 402 daAuts
     D:5: 384 daAuts
     D:4: 338 daAuts
